 Dungeon Crawl Stone Soup version 0.29.1-2-gbd0b4ee654 (webtiles) character file.

Game seed: 3017039730577660851

64 GeoRichter the Shooter (level 3, -2/18 HPs)
             Began as a Spriggan Hunter on Nov 5, 2022.
             Killed from afar by Robin (11 damage)
             ... with a puff of flame
             ... on level 2 of the Dungeon.
             The game lasted 00:01:53 (1430 turns).

GeoRichter the Shooter (Spriggan Hunter)            Turns: 1430, Time: 00:01:53

Health: -2/18      AC:  2    Str:  7    XL:     3   Next: 91%
Magic:  4/4        EV: 18    Int: 10    God:
Gold:   40         SH:  0    Dex: 20    Spells: 2/2 levels left

rFire   . . .      SeeInvis +   a - +0 shortbow
rCold   . . .      Faith    .   (shield currently unavailable)
rNeg    . . .      Spirit   .   c - +0 robe
rPois   .          Reflect  .   (helmet restricted)
rElec   .          Harm     .   (no cloak)
rCorr   .          Rampage  .   (gloves unavailable)
Will    .....                   (boots unavailable)
Stlth   ++........              h - amulet of the acrobat
HPRegen 0.06/turn               (no ring)
MPRegen 0.09/turn               (no ring)

@: very quick
A: very small, no large weapons, unfitting armour, see invisible, speed 3
a: no special abilities


You were on level 2 of the Dungeon.
You visited 1 branch of the dungeon, and saw 2 of its levels.

You collected 40 gold pieces.

Inventory:

Hand Weapons
 a - a +0 shortbow (weapon)
 i - a +0 dagger
   (You took it off a kobold on level 1 of the Dungeon)
Armour
 c - a +0 robe (worn)
 m - a scarf of invisibility
   (You found it on level 2 of the Dungeon)
 n - a +0 buckler
   (You found it on level 2 of the Dungeon)
Jewellery
 h - an amulet of the acrobat (around neck)
   (You found it on level 1 of the Dungeon)
Scrolls
 b - a scroll of immolation {!r}
 d - 2 scrolls of butterflies {unknown}
 f - a scroll of enchant weapon {unknown}
 g - 2 scrolls of identify {unknown}
 k - a scroll of magic mapping {unknown}
 l - a scroll of teleportation {unknown}
 o - a scroll of torment {unknown}
Potions
 e - a potion of haste {unknown}
 j - a potion of magic {unknown}


   Skills:
 - Level 1.5 Fighting
 * Level 5.5 Ranged Weapons
 - Level 2.6 Dodging
 - Level 1.5 Stealth


You had 2 spell levels left.
You didn't know any spells.
Your spell library contained the following spells:

 Spells                   Type           Power      Damage    Failure   Level
 Call Canine Familiar     Summ           0%         N/A       75%         3
 Portal Projectile        Hex/Tloc       0%         N/A       75%         3
 Leda's Liquefaction      Hex/Erth       0%         N/A       98%         4


Dungeon Overview and Level Annotations

Branches:
Dungeon (2/15) Zot: 10960

Altars:

Shops:
D:1 [

Annotations:
D:2 Robin


Innate Abilities, Weirdness & Mutations

You are very small and have problems with some larger weapons.
You are too small for most types of armour.
You have supernaturally acute eyesight. (SInv)
You cover ground extremely quickly. (Speed+++)


Message History

You shoot an arrow. The arrow hits Jessica!
You shoot an arrow. The arrow hits Jessica.
You kill Jessica!
No target in view!
Search for what [? for help]? buck You open the door.
There is an open door here.
You see here a +0 buckler.
n - a +0 buckler
There is an open door here.
As you open the door, it creaks loudly!
You hear a shout! x3
Found a scroll labelled NUROJUI MAITA.
There is an open door here.
o - a scroll labelled NUROJUI MAITA Robin, a hobgoblin and 3 goblins come into view.
Robin is wielding a +0 spear and carrying a wand of flame (13).
The goblin shouts! x2; You hear a shout!
You shoot an arrow. The hobgoblin shouts!
The arrow hits the goblin.
You kill the goblin!
You shoot an arrow. The arrow closely misses the goblin.
A goblin comes into view. It is wielding a +0 dagger.
You shoot an arrow. The arrow hits the goblin.
You kill the goblin!
You shoot an arrow. The arrow hits the goblin.
You kill the goblin!
A goblin comes into view. It is wielding a +0 dagger.
Robin roars a battlecry!
The goblins go into a battle-frenzy!
You shoot an arrow.
The arrow hits Robin but does no damage.
Robin barely misses you.
You shoot an arrow. The arrow barely misses Robin.
Robin completely misses you.
You shoot an arrow. The arrow hits Robin.
Robin hits you from afar with a +0 spear.
You shoot an arrow. The arrow hits Robin.
Robin hits you from afar with a +0 spear.
* * * LOW HITPOINT WARNING * * *
Robin closely misses you.
There is an open door here.
You are too injured to fight recklessly!
Fire: a) +0 shortbow
Aim: Robin, wielding a +0 spear, wearing a +0 animal skin, wearing a +0 helmet and carrying a wand of flame (13) (heavily wounded, 71% to hit)
You shoot an arrow.
The arrow hits Robin but does no damage.
Robin zaps a wand.
The puff of flame hits you!
Ouch! That really hurt!
You die...

###### #....#
############### #....#
.)............# #....#
.############.# #....#
..........#.#
##....##############.#.###
#...g.'..@.............#..
#..g..####.........#.#....
#)##### #.........+...#.#
#. #.........#...#+# #g
####'#<..##...... #g
#.###....#.... #g
#......#...... #.
#####..####... #.
#>.....†...


You could see Robin and a hobgoblin (strong).

Vanquished Creatures
  Jessica (D:2)
  3 dart slugs (D:2)
  4 bats (D:1)
  2 endoplasms
  A giant cockroach (D:2)
  2 hobgoblins (D:1)
  4 ball pythons (D:1)
  A frilled lizard (D:2)
  5 goblins
  5 kobolds (D:1)
  3 rats
31 creatures vanquished.

Notes
Turn   | Place    | Note
-------+----------+-------------------------------------------
     0 | D:1      | GeoRichter the Spriggan Hunter began the quest for the Orb.
     0 | D:1      | Reached XP level 1. HP: 10/10 MP: 2/2
   446 | D:1      | Reached XP level 2. HP: 14/14 MP: 3/3
   562 | D:1      | Found Widuir's Antique Armour Shop.
  1066 | D:2      | Reached skill level 5 in Ranged Weapons
  1130 | D:2      | Reached XP level 3. HP: 18/18 MP: 4/4
  1376 | D:2      | Noticed Jessica
  1378 | D:2      | Killed Jessica
  1414 | D:2      | Noticed Robin
  1430 | D:2      | Killed from afar by Robin

Illustrated notes

Levels and vault maps discovered:
D:1:      dpeg_arrival_rhombi, layout_loops_ring, serial_shops, shop,
          serial_bayou_pond_b, roderic_lattice_a
D:2:      layout_basic, uniq_jessica, uniq_terence, uniq_robin

Skill      XL: |  1  2 |
---------------+-------+-----
Ranged Weapons | 5 |  5.5
Fighting       | |  1.5
Dodging        | |  2.6
Stealth        | |  1.5

Action                   || total
-------------------------++-------
 Fire: Shortbow          ||    56
Armor: Robe              ||     1
Dodge: Dodged            ||     7
